AoeStats
← PREDA_JUANK

MegaRandom

510428822Analyzed
4v4 RM · 1d ago on Oct 1, 2026· 121m 54s· 8 players
Game mode
Random Map
Map size
Large (8 player)
Population
200
Speed
Normal
Resources
Standard
Victory
Conquest
Starting age
Dark Age
Ending age
Imperial Age
RankedLock teamsTeams togetherTeam positionsShared explorationLock speedFull tech treeHidden civsTurbo modeCheats
Victory
Defeat
🇨🇦 Khmer · Canada
885
+14
🇨🇴 Goths · Colombia
881
+14
🇨🇱 Lithuanians · Chile
830
+16
🇨🇱 Burmese · Chile
796
+16
🇨🇦 Ethiopians · Canada
859
-17
🇪🇸 Vietnamese · Spain
854
-16
🇧🇷 Inca · Brazil
812
-14
🇺🇸 Georgians · United States
784
-13
andres7194
7:56 Loom
10:39 Feudal Age
16:12 Castle Age
16:31 Double-Bit Axe
23:14 Wheelbarrow
22:28 Town Watch
24:45 Bow Saw
31:54 Imperial Age
30:20 Hand Cart
30:17 Forging
30:07 Scale Mail Armor
31:32 Town Patrol
32:09 Iron Casting
31:35 Horse Collar
33:29 Squires
34:37 Anarchy
36:13 Blast Furnace
35:30 Chain Mail Armor
36:53 Perfusion
38:45 Gold Mining
38:46 Stone Mining
40:54 Heavy Plow
41:57 Two-Man Saw
41:34 Stone Shaft Mining
40:37 Pikeman
42:54 Chemistry
41:51 Murder Holes
41:36 Treadmill Crane
42:18 Ballistics
42:12 Padded Archer Armor
42:04 Fletching
43:00 Elite Huskarl
44:49 Conscription
44:00 Sappers
45:48 Masonry
48:08 Leather Archer Armor
47:49 Bodkin Arrow
52:10 Halberdier
66:09 Bracer
66:39 Ring Archer Armor
66:15 Scale Barding Armor
65:42 Light Cavalry
66:33 Bloodlines
66:24 Husbandry
70:30 Hussar
85:07 Man-at-Arms
96:13 Spies/Treason
104:52 Crop Rotation
PREDA_JUANK
7:42 Loom
20:35 Feudal Age
24:58 Castle Age
30:35 Wheelbarrow
32:03 Hand Cart
32:57 Fletching
33:41 Caravan
39:06 Imperial Age
39:05 Gold Mining
39:57 Bodkin Arrow
40:02 Padded Archer Armor
45:52 Heavy Scorpion
50:50 Squires
50:11 Pikeman
52:53 Chemistry
52:14 Ballistics
53:18 Forging
53:09 Scale Mail Armor
53:10 Bracer
52:36 Halberdier
57:54 Iron Casting
58:02 Chain Mail Armor
59:33 Manipur Cavalry
68:02 Elite Skirmisher
71:54 Blast Furnace
72:10 Plate Mail Armor
71:46 Scale Barding Armor
72:57 Onager
74:26 Howdah
114:09 Spies/Treason
bugout
0:35 Loom
13:13 Feudal Age
13:29 Man-at-Arms
15:00 Town Watch
17:11 Forging
22:42 Castle Age
24:54 Iron Casting
24:40 Scale Barding Armor
24:59 Town Patrol
25:36 Wheelbarrow
25:27 Husbandry
27:53 Bloodlines
30:42 Hand Cart
30:21 Long Swordsman
32:12 Double-Bit Axe
35:05 Iron Casting
35:59 Bow Saw
35:59 Gold Mining
42:35 Imperial Age
41:37 Gold Shaft Mining
42:03 Stone Mining
42:50 Scale Mail Armor
42:43 Fletching
43:02 Tusk Swords
43:00 Two-Handed Swordsman
44:07 Conscription
44:41 Horse Collar
45:14 Double Crossbow
46:19 Blast Furnace
45:35 Chain Mail Armor
46:35 Elite Ballista Elephant
48:37 Hoardings
48:42 Stone Shaft Mining
49:44 Chain Barding Armor
49:20 Bodkin Arrow
49:26 Padded Archer Armor
52:41 Elite Battle Elephant
58:43 Plate Barding Armor
58:10 Bracer
63:30 Caravan
67:36 Light Cavalry
68:13 Elite Skirmisher
68:42 Hussar
72:05 Pikeman
73:10 Halberdier
83:49 Onager
87:01 Chemistry
86:23 Ballistics
90:06 Capped Ram
93:51 Siege Ram
103:26 Leather Archer Armor
108:08 Spies/Treason
ediazamaya0
1:14 Loom
12:23 Feudal Age
14:27 Horse Collar
15:44 Wheelbarrow
14:55 Town Watch
18:45 Man-at-Arms
27:51 Castle Age
25:59 Arson
31:25 Scale Barding Armor
31:21 Scale Mail Armor
31:22 Padded Archer Armor
31:12 Fletching
31:33 Forging
31:10 Long Swordsman
31:58 Husbandry
35:16 Coinage
34:54 Bodkin Arrow
39:00 Ballistics
38:33 Heated Shot
38:34 Guard Tower
38:25 Treadmill Crane
40:38 Hand Cart
40:24 Town Patrol
44:15 Masonry
48:12 Imperial Age
48:07 Heavy Plow
53:46 Caravan
54:17 Banking
53:58 Guilds
54:15 Chain Barding Armor
54:11 Chain Mail Armor
54:12 Leather Archer Armor
54:16 Squires
55:54 Cavalier
68:00 Two-Handed Swordsman
84:13 Chemistry
83:45 Architecture
101:17 Capped Ram
110:16 Paladin
113:25 Bombard Tower
113:45 Keep
113:21 Fortified Wall
113:08 Murder Holes
113:27 Clinker Construction
Gods ;*
11:48 Feudal Age
12:49 Double-Bit Axe
12:58 Gold Mining
12:49 Horse Collar
13:04 Stone Mining
17:20 Wheelbarrow
21:30 Castle Age
20:07 Wheelbarrow
19:22 Champi Runner
20:42 Loom
23:14 Bow Saw
24:46 Heavy Plow
25:22 Gold Shaft Mining
28:04 Stone Shaft Mining
27:59 Squires
32:05 Pikeman
32:31 Arson
32:53 Scale Mail Armor
33:04 Forging
34:29 Fletching
41:52 Imperial Age
41:54 Ballistics
41:18 Treadmill Crane
43:55 Fabric Shields
43:56 Bodkin Arrow
44:37 Iron Casting
44:18 Chain Mail Armor
44:48 Crossbowman
48:38 Thumb Ring
62:45 Elite Kamayuk
70:03 Heavy Scorpion
73:26 Blast Furnace
72:56 Plate Mail Armor
72:28 Padded Archer Armor
74:18 Heated Shot
75:41 Bracer
77:34 Leather Archer Armor
77:43 Masonry
78:34 Chemistry
86:04 Caravan
Writ
1:49 Loom
11:58 Feudal Age
13:19 Wheelbarrow
13:38 Town Watch
13:42 Double-Bit Axe
13:56 Horse Collar
19:39 Castle Age
19:01 Gold Mining
19:53 Stone Mining
21:23 Hand Cart
22:05 Heavy Plow
24:04 Bow Saw
26:23 Bloodlines
28:08 Stone Shaft Mining
32:05 Imperial Age
31:39 Masonry
32:17 Husbandry
32:25 Scale Barding Armor
32:40 Forging
33:15 Block Printing
33:49 Crop Rotation
34:08 Cavalier
35:30 Iron Casting
36:56 Chain Barding Armor
38:26 Chemistry
38:37 Blast Furnace
38:15 Plate Barding Armor
38:50 Blast Furnace
38:18 Treadmill Crane
40:10 Guilds
40:53 Guilds
42:42 Theocracy
42:24 Husbandry
43:43 Architecture
44:59 Conscription
44:50 Padded Archer Armor
45:43 Ballistics
46:08 Leather Archer Armor
46:25 Redemption
46:28 Aznauri Cavalry
46:48 Fortified Wall
46:54 Town Patrol
46:57 Fletching
48:59 Parthian Tactics
48:08 Heavy Cavalry Archer
48:51 Bodkin Arrow
50:43 Bracer
50:20 Light Cavalry
53:13 Siege Engineers
58:28 Sanctity
57:41 Capped Ram
58:30 Siege Engineers
60:46 Siege Ram
61:23 Hussar
63:22 Elite Skirmisher
66:25 Imperial Skirmisher
69:46 Heavy Scorpion
78:24 Fortified Wall
78:49 Caravan
81:49 Hoardings
83:46 Murder Holes
Krypp
10:12 Feudal Age
15:54 Castle Age
15:15 Horse Collar
17:42 Double-Bit Axe
25:12 Thumb Ring
25:33 Crossbowman
26:24 Fletching
27:34 Bodkin Arrow
28:12 Padded Archer Armor
30:16 Leather Archer Armor
30:24 Ballistics
30:38 Bow Saw
35:20 Caravan
41:49 Imperial Age
39:58 Wheelbarrow
42:30 Bracer
44:48 Arbalester
46:11 Onager
48:59 Two-Man Saw
49:09 Siege Onager
51:58 Chemistry
64:19 Elite Skirmisher
73:37 Imperial Skirmisher
81:36 Ring Archer Armor
92:53 Husbandry
92:14 Light Cavalry
93:09 Scale Barding Armor
93:15 Forging
93:14 Hussar
Carapenev420
3:07 Loom
12:30 Feudal Age
17:38 Castle Age
15:51 Double-Bit Axe
20:07 Bow Saw
19:43 Horse Collar
20:24 Heavy Plow
21:48 Wheelbarrow
20:59 Town Watch
21:37 Pikeman
24:30 Hand Cart
24:16 Town Patrol
24:32 Stone Mining
25:12 Gold Mining
26:11 Thumb Ring
26:22 Thumb Ring
26:12 Fletching
26:24 Padded Archer Armor
33:27 Bodkin Arrow
33:48 Leather Archer Armor
33:44 Forging
34:32 Stone Shaft Mining
36:07 Chatras
38:59 Imperial Age
38:03 Squires
38:20 Scale Mail Armor
38:56 Iron Casting
39:20 Ballistics
38:56 Murder Holes
40:42 Two-Man Saw
40:14 Chain Mail Armor
39:46 Halberdier
44:41 Scale Barding Armor
44:37 Bracer
44:45 Cavalier
44:47 Elite Battle Elephant
46:41 Bloodlines
46:32 Husbandry
56:09 Paper Money
55:11 Elite Rattan Archer
57:53 Chemistry
57:00 Siege Engineers
59:09 Onager
62:54 Chain Barding Armor
65:38 Ring Archer Armor
65:44 Plate Barding Armor
85:51 Elite Fire Lancer
89:02 Light Cavalry
Connection lost

Rejoining the realm…

Still unreachable

The connection could not be restored.

Session expired

The server has moved on; the page needs a fresh start.